 Dungeon Crawl Stone Soup version 0.32-a0-768-g0f6f1dd4b9 (webtiles) character file.

Game seed: 17653672906054108652

78 demenzo the Scratcher (level 4, 14/14 HPs)
             Began as a Felid Shapeshifter on Mar 18, 2024.
             Quit the game on level 3 of the Dungeon.
             The game lasted 00:05:26 (2547 turns).

demenzo the Scratcher (Felid Shapeshifter)          Turns: 2547, Time: 00:05:26

Health: 14/14      AC:  1    Str: 12    XL:     4   Next: 15%
Magic:  5/5        EV: 20    Int: 14    God:
Gold:   122        SH:  0    Dex: 15    Spells: 3/3 levels left
                                        Lives:  1   Deaths: 1

rFire   . .          .
                       - Unarmed
rCold   . . .        (shield unavailable)
rNeg    . . .        (body armour unavailable)
rPois   .            (helmet unavailable)
rElec   .            (cloak unavailable)
rCorr   .            (gloves unavailable)
SInv    +            (boots unavailable)
Will    .....        (no amulet)
Stlth   +            n - ring of flight
HPRegen 0.22/turn    (no ring)
MPRegen 0.09/turn

%: no passive effects
@: flux-form, flying, glowing
A: glow, contaminating, reduced hp, very small, claws 1, fangs 3, see invisible,
shaggy fur 1, stealthy paws, no weapons or thrown items, no armour, multi-lived
a: Begin Untransformation


You were on level 3 of the Dungeon.
You were something dangerously unstable.
You visited 1 branch of the dungeon, and saw 4 of its levels.

You collected 122 gold pieces.

Inventory:

Jewellery
 n - a ring of flight (left paw)
Talismans
 b - a beast talisman
 c - a flux talisman (active)
Scrolls
 e - 3 scrolls of poison {unknown}
 f - 2 scrolls of identify {unknown}
 i - a scroll of fear {unknown}
 k - a scroll of blinking
 m - a scroll of summoning {unknown}
 o - a scroll of immolation {unknown}
Potions
 a - a potion of lignification
 d - a potion of haste {unknown}
 g - a potion of mutation {unknown}
 h - 3 potions of curing {unknown}
 j - a potion of enlightenment {unknown}
 l - a potion of brilliance {unknown}


   Skills:
 + Level 2.0 Fighting
 - Level 3.0 Dodging
 + Level 2.0 Stealth
 * Level 3.8 Unarmed Combat
 + Level 3.1 Shapeshifting


You had 3 spell levels left.
You didn't know any spells.
Your spell library contained the following spells:

 Spells                   Type           Power      Damage    Failure   Level
 Dazzling Flash           Conj/Hex       0%         N/A       65%         3
 Mephitic Cloud           Conj/Alch/Air  0%         N/A       65%         3
 Curse of Agony           Necr           0%         N/A       100%        5
 Silence                  Hex/Air        0%         N/A       100%        5
 Chain Lightning          Conj/Air       0%         N/A       100%        9
 Fire Storm               Conj/Fire      0%         5d1       100%        9
 Shatter                  Erth           0%         3d5*      100%        9


Dungeon Overview and Level Annotations

Branches:
Dungeon (4/15)
 Temple: D:4-7

Altars:

Portals:
Abyss: D:3

Annotations:
D:3 2 transporters, Sigmund; sychorax's ghost, amateur OpEE
D:4 Menkaure


Innate Abilities, Weirdness & Mutations

You are something dangerously unstable.
You glow with magical radiation, making you easy to see and hit.
Foes you strike become dangerously contaminated with magical radiation.
Your maximum health is decreased, since you lack skill for your form.
You have sharp claws.
You have razor-sharp teeth.
You have supernaturally acute eyesight. (SInv)
You are covered in fur. (AC +1)
Your paws help you pounce on unaware monsters.
You are incapable of wielding weapons or throwing items.
You cannot wear armour.
You gain extra lives every three experience levels.


Message History

Your transformation has ended.
You turn into something dangerously unstable.
The phantom completely misses you.
Unknown command.
You scratch the phantom but do no damage.
The phantom begins to glow.
The phantom closely misses you.
You scratch the phantom.
The phantom glows dangerously bright.
The phantom is lightly damaged.
The phantom completely misses you.
You scratch the phantom but do no damage.
The phantom shudders as magic cascades through it!
The phantom is heavily damaged.
The phantom hits you.
* * * LOW HITPOINT WARNING * * *
You scratch the phantom.
The phantom begins to glow.
The phantom is heavily damaged.
The phantom misses you.
Press: ? - help, v - describe, . - travel
Here: a phantom (heavily damaged, contaminated)
The floor.
Unknown command.
You closely miss the phantom.
The phantom is heavily damaged.
The phantom completely misses you.
You scratch the phantom.
The phantom glows dangerously bright.
The phantom is severely damaged.
The phantom completely misses you.
You scratch the phantom.
The phantom shudders as magic cascades through it.
The phantom is almost destroyed.
The phantom hits you.
You die...
Your shape twists and changes as you die.
The phantom blinks!
You blink.
You rejoin the land of the living...
Unknown command.
Unknown command.
Unknown command.
Unknown command.
Are you sure you want to abandon this character and quit the game? (Confirm with "yes".)

##5#..)>..#.....g<...........##
.###).......#......##........#
...[[..............##........#
.....รท.............#.........#
.....................#########
.......#...........###
.......#...........#
########...........## ########
###.............p...####......##
............)#.####..##........##
........####.#.#####.......)....#
........# #.<...# ##...........#
######### ##....# ##..........#
#############....# #..........#
.......W.........#####..........#
################...............##
########........##


There were no monsters in sight!

Vanquished Creatures
  2 adders
  A dart slug (D:1)
  2 ribbon worms
  4 orcs (D:3)
  5 bats
  4 endoplasms
  4 giant cockroaches
  3 goblins
  6 hobgoblins
  5 ball pythons
  4 frilled lizards
  3 kobolds
  3 rats
46 creatures vanquished.

Notes
Turn   | Place    | Note
-------+----------+-------------------------------------------
     0 | D:1      | demenzo the Felid Shapeshifter began the quest for the Orb.
     0 | D:1      | Reached XP level 1. HP: 10/10 MP: 2/2
   277 | D:1      | Reached XP level 2. HP: 14/14 MP: 3/3
  1085 | D:2      | Reached skill level 1 in Stealth
  1421 | D:2      | Reached XP level 3. HP: 15/18 MP: 4/4
  1550 | D:3      | Noticed a phantom
  1928 | D:3      | Found a transporter.
  1929 | D:3      | Found a one-way gate to the infinite horrors of the Abyss.
  1929 | D:3      | Noticed sychorax's ghost (amateur OpEE)
  1931 | D:3      | Noticed a small abomination
  2144 | D:3      | Found a transporter.
  2149 | D:3      | Noticed Sigmund
  2384 | D:4      | Reached XP level 4. HP: 16/23 MP: 5/5
  2384 | D:4      | Gained a life (2 lives remaining)
  2414 | D:4      | Noticed Menkaure
  2546 | D:3      | Slain by a phantom
  2546 | D:3      | Lost a life (1 life remaining)
  2547 | D:3      | Quit the game

Illustrated notes

Levels and vault maps discovered:
D:1:      dpeg_arrival_oval, layout_basic, minmay_hexomino_p4
D:2:      layout_basic
D:3:      layout_rooms, gammafunk_ghost_abyssal_escape, uniq_sigmund
D:4:      layout_cave_pools, lemuel_temple_firewalk_b, uniq_menkaure

Skill      XL: |  1  2  3  4 |
---------------+-------------+-----
Dodging        | 3 |  3.0
Stealth        | 1 2 |  2.0
Shapeshifting  | 3 |  3.1
Fighting       | 2 |  2.0
Unarmed Combat | |  3.8

Action                     |  1- 3 |  4- 6 || total
---------------------------+-------+-------++-------
  Melee: Unarmed           |   104 |    12 ||   116
         Bite              |    13 |     1 ||    14
         Punch             |     4 |       ||     4
   Stab: Sleeping          |     3 |       ||     3
 Armour: Skin              |    48 |     7 ||    55
  Dodge: Dodged            |    86 |    12 ||    98
   Form: Flux              |       |     1 ||     1

Table legend: (Time is in decaauts)
 A = Elapsed time spent in this place.
 B = Non-inter-level travel time spent in this place.
 C = Inter-level travel time spent in this place.
 D = Time resting spent in this place.
 E = Time spent auto-exploring this place.
 F = Levels seen in this place.
 G = Mean time per level.
                   A        B        C        D        E       F      G
               +--------+--------+--------+--------+--------+-----+--------+
         Total |   2544 |   2272 |    272 |    286 |   1485 |   4 |  636.0 |
       Dungeon |   2544 |   2272 |    272 |    286 |   1485 |   4 |  636.0 |
               +--------+--------+--------+--------+--------+-----+--------+

Top non-repeatable levels by time:
     D:1: 963 daAuts
     D:2: 833 daAuts
     D:3: 646 daAuts
     D:4: 101 daAuts
